 Dungeon Crawl Stone Soup version 0.22.0 (webtiles) character file.

4038 Blackhawk the Blocker (level 10, -9/81 HPs)
             Began as a Gnoll Fighter on Oct 22, 2018.
             Was an Initiate of Gozag.
             Killed by divine providence
             ... invoked by an orc priest
              (14 damage)
             ... on level 7 of the Dungeon.
             The game lasted 00:14:58 (6854 turns).

Blackhawk the Blocker (Gnoll Fighter)               Turns: 6854, Time: 00:14:59

Health: -9/81      AC: 23    Str: 22    XL:     10   Next: 24%
Magic:  17/17      EV:  8    Int: 10    God:    Gozag
Gold:   164        SH: 11    Dex: 15    Spells: 19/19 levels left

rFire    . . .     SeeInvis .   B - +3 morningstar (protect)
rCold    . . .     Gourm    .   c - +0 shield
rNeg     . . .     Faith    .   o - +0 plate armour
rPois    .         Spirit   .   A - +0 helmet
rElec    .         Reflect  .   q - scarf {cloud immunity}
rCorr    .         Harm     +   (no gloves)
MR       .....                  y - +0 pair of boots
Stlth    ..........             p - amulet of harm
HPRegen  0.23/turn              (no ring)
MPRegen  0.15/turn              (no ring)

@: gold aura, protection aura
A: distributed training, fangs 1, strong nose
a: Potion Petition, Call Merchant, Bribe Branch, Renounce Religion


You were on level 7 of the Dungeon.
You worshipped Gozag.
Gozag was aware of your devotion.
You were hungry.

You visited 1 branch of the dungeon, and saw 7 of its levels.
You also visited: Ossuary.

You collected 905 gold pieces.
You spent 700 gold pieces at shops.
You paid 41 gold pieces to Gozag.

Inventory:

Hand Weapons
 a - a +0 flail
 B - a +3 morningstar of protection (weapon)
Missiles
 k - 216 stones (quivered)
Armour
 b - a +0 scale mail
 c - a +0 shield (worn)
 o - a +0 plate armour (worn)
 q - a scarf of cloud immunity (worn)
 y - a +0 pair of boots (worn)
 A - a +0 helmet (worn)
Jewellery
 p - an amulet of harm (around neck)
Wands
 l - a wand of flame (36)
 E - a wand of disintegration (15)
 G - a wand of acid (6)
Scrolls
 e - a scroll of vulnerability {unknown}
 g - 9 scrolls of identify {unknown}
 h - a scroll of noise
 j - a scroll of magic mapping
 n - 3 scrolls of teleportation
 t - 6 scrolls of remove curse
 u - 2 scrolls of fear {unknown}
 C - a scroll of blinking {unknown}
 F - 2 scrolls of enchant armour {unknown}
Potions
 d - 2 potions of might
 i - 3 potions of degeneration {unknown}
 m - a potion of lignification {unknown}
 r - a potion of heal wounds {unknown}
 s - a potion of ambrosia {unknown}
 v - 7 potions of curing {unknown}
 w - 2 potions of agility {unknown}
 x - 5 potions of haste {unknown}
 z - 4 potions of invisibility {unknown}
 D - 2 potions of flight {unknown}
Comestibles
 f - 21 rations


   Skills:
 + Level 8.3 Fighting
 + Level 5.0 Short Blades
 + Level 5.0 Long Blades
 + Level 5.0 Axes
 + Level 6.8 Maces & Flails
 + Level 5.0 Polearms
 + Level 5.0 Staves
 + Level 5.0 Slings
 + Level 5.0 Bows
 + Level 5.0 Crossbows
 + Level 5.0 Throwing
 + Level 8.3 Armour
 + Level 5.0 Dodging
 + Level 5.0 Stealth
 + Level 8.3 Shields
 + Level 5.0 Unarmed Combat
 + Level 5.0 Spellcasting
 + Level 4.1 Conjurations
 + Level 4.1 Hexes
 + Level 4.1 Charms
 + Level 4.1 Summonings
 + Level 4.1 Necromancy
 + Level 4.1 Translocations
 + Level 4.1 Transmutations
 + Level 4.1 Fire Magic
 + Level 4.1 Ice Magic
 + Level 4.1 Air Magic
 + Level 4.1 Earth Magic
 + Level 4.1 Poison Magic
 + Level 5.5 Invocations
 + Level 5.0 Evocations


You had 19 spell levels left.
You didn't know any spells.
Your spell library was empty.

Dungeon Overview and Level Annotations

Branches:
Dungeon (7/15)             Temple (0/1) D:5

Altars:
Gozag
Kikubaaqudgha
Makhleb
Ru
Xom
Yredelemnul

Shops:
D:7 %


Innate Abilities, Weirdness & Mutations

Your experience applies equally to all skills.
You have very sharp teeth.
Your uncanny sense of smell can sniff out nearby items.


Message History

You bite the orc priest, but do no damage.
The orc priest looks braver for a moment.
You block the orc priest's attack.
Your shield and plate armour prevent you from hitting the orc priest.
The orc priest hits you but does no damage.
The orc priest invokes the aid of Beogh against you.
Pain shoots through your body!
* * * LOW HITPOINT WARNING * * *
You block the orc priest's attack.
You puncture the orc priest!
Your weapon exudes an aura of protection.
You kill the orc priest!
The orc priest invokes the aid of Beogh against you.
Beogh smites you!
* * * LOW HITPOINT WARNING * * *
You closely miss the orc priest.
The orc priest calls down the wrath of Beogh upon you.
Beogh smites you!
You die...
Your body crumbles into a pile of gold.

#############
##.#
############
###..#
............
..#.##
####..#####
#.#.# #..#
#.#.# #..#
#.#.# #..#
#.#.# ####..#
######$#.#
......#
#.....$@$#
####.##
...###o### #
#.# #. # #.#
#. # #.. ..
#######. ##
........∆ ∆
######## #


You could see an orc priest.

Vanquished Creatures
  Grinder (D:4)
  Prince Ribbit (D:6)
  A hippogriff (D:6)
  4 hogs (D:7)
  A human (D:7)
  Eustachio (D:6)
  Edmund (D:4)
  Menkaure (Ossuary)
  Duvessa (D:4)
  2 orc warriors
  An ice beast (D:6)
  2 sky beasts
  2 ogres
  2 phantoms
  A centaur (D:6)
  2 bullfrogs
  3 scorpions
  Dowan (D:4)
  A howler monkey (D:2)
  3 crimson imps
  3 orc priests
  3 hounds
  3 jellies
  A centaur skeleton (D:7)
  5 orc wizards
  2 bullfrog skeletons
  5 worker ants
  Ijyb (D:4)
  2 iguanas
  A mummy (Ossuary)
  A howler monkey zombie (D:7)
  7 gnolls
  7 adders
  A shadow imp (D:6)
  3 oozes
  An adder zombie (D:5)
  An adder skeleton (D:7)
  3 worms
  A dart slug (D:1)
  3 leopard geckos (D:5)
  32 orcs
  9 bats
  7 giant cockroaches
  9 gnoll zombies (Ossuary)
  4 hobgoblins
  2 jackals (D:5)
  3 quokkas
  A ball python (D:1)
  7 frilled lizards
  A gnoll skeleton (Ossuary)
  6 goblins
  3 goblin skeletons (Ossuary)
  8 hobgoblin skeletons (Ossuary)
  2 hobgoblin zombies (Ossuary)
  6 kobolds
  A kobold skeleton (Ossuary)
  2 kobold zombies (Ossuary)
  2 leopard gecko skeletons
  An orc skeleton (Ossuary)
  7 orc zombies (Ossuary)
  A quokka zombie (D:7)
  9 rats
  5 rat skeletons (Ossuary)
  3 rat zombies (Ossuary)
217 creatures vanquished.

Vanquished Creatures (others)
  2 mummies (Ossuary)
  A gnoll zombie (Ossuary)
  A gnoll skeleton (Ossuary)
  A goblin skeleton (Ossuary)
  2 hobgoblin skeletons (Ossuary)
  An orc skeleton (Ossuary)
  A rat skeleton (Ossuary)
  A rat zombie (Ossuary)
10 creatures vanquished.

Grand Total: 227 creatures vanquished

Notes
Turn   | Place    | Note
-------+----------+-------------------------------------------
     0 | D:1      | Blackhawk the Gnoll Fighter began the quest for the Orb.
     0 | D:1      | Reached XP level 1. HP: 23/23 MP: 1/1
   517 | D:1      | Reached XP level 2. HP: 28/29 MP: 2/2
  1364 | D:1      | Reached XP level 3. HP: 23/35 MP: 3/3
  1689 | D:2      | Reached skill level 1 in Short Blades
  1689 | D:2      | Reached skill level 1 in Long Blades
  1689 | D:2      | Reached skill level 1 in Axes
  1689 | D:2      | Reached skill level 1 in Polearms
  1689 | D:2      | Reached skill level 1 in Staves
  1689 | D:2      | Reached skill level 1 in Slings
  1689 | D:2      | Reached skill level 1 in Bows
  1689 | D:2      | Reached skill level 1 in Crossbows
  1689 | D:2      | Reached skill level 1 in Throwing
  1689 | D:2      | Reached skill level 1 in Dodging
  1689 | D:2      | Reached skill level 1 in Stealth
  1689 | D:2      | Reached skill level 1 in Unarmed Combat
  1689 | D:2      | Reached skill level 1 in Spellcasting
  1689 | D:2      | Reached skill level 1 in Invocations
  1689 | D:2      | Reached skill level 1 in Evocations
  1689 | D:2      | Reached XP level 4. HP: 25/41 MP: 3/5
  1823 | D:1      | Reached skill level 1 in Conjurations
  1823 | D:1      | Reached skill level 1 in Hexes
  1823 | D:1      | Reached skill level 1 in Charms
  1823 | D:1      | Reached skill level 1 in Summonings
  1823 | D:1      | Reached skill level 1 in Necromancy
  1823 | D:1      | Reached skill level 1 in Translocations
  1823 | D:1      | Reached skill level 1 in Transmutations
  1823 | D:1      | Reached skill level 1 in Fire Magic
  1823 | D:1      | Reached skill level 1 in Ice Magic
  1823 | D:1      | Reached skill level 1 in Air Magic
  1823 | D:1      | Reached skill level 1 in Earth Magic
  1823 | D:1      | Reached skill level 1 in Poison Magic
  1859 | D:2      | Reached XP level 5. HP: 37/47 MP: 6/6
  2710 | D:3      | Reached XP level 6. HP: 47/53 MP: 8/8
  2906 | D:3      | Reached skill level 5 in Maces & Flails
  3037 | D:3      | Found a burning altar of Makhleb.
  3192 | D:4      | Noticed Duvessa
  3192 | D:4      | Noticed Dowan
  3197 | D:4      | Killed Dowan
  3213 | D:4      | Killed Duvessa
  3213 | D:4      | Reached XP level 7. HP: 18/59 MP: 10/10
  3379 | D:4      | Noticed Grinder
  3391 | D:4      | Paralysed by Grinder for 4 turns
  3398 | D:4      | Killed Grinder
  3408 | D:4      | Found a sand-covered staircase.
  3460 | Ossuary  | Entered an ossuary
  3700 | Ossuary  | Noticed Menkaure
  3704 | Ossuary  | Killed Menkaure
  3766 | D:4      | Found an opulent altar of Gozag.
  3796 | D:4      | Became a worshipper of Gozag Ym Sagoz the Greedy
  3923 | D:4      | Noticed Ijyb
  3930 | D:4      | Found a shimmering altar of Xom.
  3935 | D:4      | Killed Ijyb
  3935 | D:4      | Reached XP level 8. HP: 65/67 MP: 12/12
  3943 | D:4      | Found an ancient bone altar of Kikubaaqudgha.
  3943 | D:4      | Found a basalt altar of Yredelemnul.
  3943 | D:4      | Found a sacrificial altar of Ru.
  4004 | D:4      | Noticed Edmund
  4026 | D:4      | Killed Edmund
  4133 | D:5      | Entered Level 5 of the Dungeon
  4204 | D:5      | Found a staircase to the Ecumenical Temple.
  5041 | D:5      | Reached XP level 9. HP: 72/72 MP: 14/14
  5111 | D:6      | Noticed Prince Ribbit
  5512 | D:6      | Noticed Eustachio
  5524 | D:6      | Killed Eustachio
  5785 | D:6      | Killed Prince Ribbit
  6111 | D:6      | Reached skill level 5 in Invocations
  6327 | D:7      | Found Eweufug's Food Shop.
  6341 | D:7      | Bought a ration for 70 gold pieces
  6341 | D:7      | Bought a ration for 70 gold pieces
  6341 | D:7      | Bought a ration for 70 gold pieces
  6341 | D:7      | Bought a ration for 70 gold pieces
  6341 | D:7      | Bought a ration for 70 gold pieces
  6341 | D:7      | Bought a ration for 70 gold pieces
  6341 | D:7      | Bought a ration for 70 gold pieces
  6341 | D:7      | Bought a ration for 70 gold pieces
  6341 | D:7      | Bought a ration for 70 gold pieces
  6341 | D:7      | Bought a ration for 70 gold pieces
  6601 | D:7      | Reached XP level 10. HP: 80/80 MP: 15/17
  6844 | D:7      | Reached skill level 5 in Short Blades
  6844 | D:7      | Reached skill level 5 in Long Blades
  6844 | D:7      | Reached skill level 5 in Axes
  6844 | D:7      | Reached skill level 5 in Polearms
  6844 | D:7      | Reached skill level 5 in Staves
  6844 | D:7      | Reached skill level 5 in Slings
  6844 | D:7      | Reached skill level 5 in Bows
  6844 | D:7      | Reached skill level 5 in Crossbows
  6844 | D:7      | Reached skill level 5 in Throwing
  6844 | D:7      | Reached skill level 5 in Dodging
  6844 | D:7      | Reached skill level 5 in Stealth
  6844 | D:7      | Reached skill level 5 in Unarmed Combat
  6844 | D:7      | Reached skill level 5 in Spellcasting
  6844 | D:7      | Reached skill level 5 in Evocations
  6853 | D:7      | HP: 4/81 [orc priest/divine providence (12)]
  6854 | D:7      | Killed from afar by an orc priest

Skill      XL: |  1  2  3  4  5  6  7  8  9 10 |
---------------+-------------------------------+-----
Short Blades   | 1 2 3 4 5 |  5.0
Long Blades    | 1 2 3 4 5 |  5.0
Axes           | 1 2 3 4 5 |  5.0
Polearms       | 1 2 3 4 5 |  5.0
Staves         | 1 2 3 4 5 |  5.0
Slings         | 1 2 3 4 5 |  5.0
Bows           | 1 2 3 4 5 |  5.0
Crossbows      | 1 2 3 4 5 |  5.0
Throwing       | 1 2 3 4 5 |  5.0
Dodging        | 1 2 3 4 5 |  5.0
Stealth        | 1 2 3 4 5 |  5.0
Unarmed Combat | 1 2 3 4 5 |  5.0
Spellcasting   | 1 2 3 4 5 |  5.0
Invocations    | 1 2 3 4 5 |  5.5
Evocations     | 1 2 3 4 5 |  5.0
Conjurations   | 1 2 3 4 |  4.1
Hexes          | 1 2 3 4 |  4.1
Charms         | 1 2 3 4 |  4.1
Summonings     | 1 2 3 4 |  4.1
Necromancy     | 1 2 3 4 |  4.1
Translocations | 1 2 3 4 |  4.1
Transmutations | 1 2 3 4 |  4.1
Fire Magic     | 1 2 3 4 |  4.1
Ice Magic      | 1 2 3 4 |  4.1
Air Magic      | 1 2 3 4 |  4.1
Earth Magic    | 1 2 3 4 |  4.1
Poison Magic   | 1 2 3 4 |  4.1
Maces & Flails | 5 6 |  6.8
Fighting       | 7 8 |  8.3
Armour         | 7 8 |  8.3
Shields        | 7 8 |  8.3

Action                   |  1- 3 |  4- 6 |  7- 9 | 10-12 || total
-------------------------+-------+-------+-------+-------++-------
Melee: Flail             |    57 |   201 |       |       ||   258
       Bite              |     2 |    32 |    40 |     5 ||    79
       Morningstar       |       |    23 |   366 |    38 ||   427
Invok: Potion Petition   |       |       |     1 |       ||     1
  Use: Scroll            |       |       |     6 |       ||     6
 Stab: Sleeping          |       |       |     2 |       ||     2
  Eat: Chunk             |     2 |     6 |     1 |       ||     9
       Ration            |       |       |     3 |       ||     3
Armor: Scale mail        |    32 |    93 |    59 |       ||   184
       Plate armour      |       |       |    88 |    14 ||   102
Dodge: Dodged            |    29 |    80 |   104 |    11 ||   224
Block: Shield            |    42 |   163 |   186 |    15 ||   406
